 Dungeon Crawl Stone Soup version 0.24-a0-22-g2a401c0 (console) character file.

Game seed: 2628902499873005694

105 Duffy the Chopper (level 4, -6/42 HPs)
             Began as a Naga Fighter on Feb 1, 2019.
             Killed by divine providence
             ... invoked by an orc priest
              (11 damage)
             ... on level 3 of the Dungeon.
             The game lasted 00:01:33 (2075 turns).

Duffy the Chopper (Naga Fighter)                    Turns: 2075, Time: 00:01:34

Health: -6/42      AC:  6    Str: 19    XL:     4   Next: 83%
Magic:  4/4        EV:  5    Int:  8    God:
Gold:   70         SH:  9    Dex: 11    Spells: 3/3 levels left

rFire    . . .     SeeInvis +   a - +0 war axe
rCold    . . .     Gourm    .   c - +0 shield
rNeg     . . .     Faith    .   b - +0 scale mail
rPois    +         Spirit   .   n - +0 helmet
rElec    .         Reflect  .   (no cloak)
rCorr    .         Harm     .   (no gloves)
MR       .....                  (no barding)
Stlth    ..........             (no amulet)
HPRegen  0.14/turn              (no ring)
MPRegen  0.09/turn              (no ring)

@: very slow
A: large, see invisible, deformed body, poison resistance, slowness 2, slow
metabolism 1, spit poison 1, AC +1
a: Spit Poison


You were on level 3 of the Dungeon.
You were not hungry.

You visited 1 branch of the dungeon, and saw 3 of its levels.

You collected 70 gold pieces.

Inventory:

Hand Weapons
 a - a +0 war axe (weapon)
Armour
 b - a +0 scale mail (worn)
 c - a +0 shield (worn)
 n - a +0 helmet (worn)
Jewellery
 l - an uncursed ring of poison resistance {unknown}
Scrolls
 e - a scroll of fear {unknown}
 h - 2 scrolls of remove curse {unknown}
 j - 3 scrolls of teleportation {unknown}
 k - 2 scrolls of identify {unknown}
 q - a scroll of fog {unknown}
Potions
 d - 2 potions of might
 i - a potion of cancellation {unknown}
 m - a potion of invisibility {unknown}
 o - a potion of brilliance {unknown}
 p - a potion of degeneration {unknown}
 r - a potion of berserk rage {unknown}
Comestibles
 f - 5 rations
 g - 5 chunks of flesh


   Skills:
 - Level 3.0 Fighting
 + Level 3.7 Axes
 - Level 2.4 Armour
 + Level 3.5 Shields


You had 3 spell levels left.
You didn't know any spells.
Your spell library was empty.

Dungeon Overview and Level Annotations

Branches:
Dungeon (3/15)

Altars:


Innate Abilities, Weirdness & Mutations

You cannot wear boots.
Your serpentine skin is tough. (AC +1)
You have supernaturally acute eyesight. (SInv)
Armour fits poorly on your strangely shaped body.
Your system is resistant to poisons. (rPois)
You cover ground very slowly.
You have a slow metabolism.
You can spit poison.


Message History

The orc priest invokes the aid of Beogh against you.
Beogh smites you!
A ball python comes into view.
The orc barely misses you. The adder barely misses you.
You see here 3 scrolls labeled BEUHU NISTREURO.
You bump into the rock wall.
The orc priest invokes the aid of Beogh against you.
Beogh smites you! The adder barely misses you.
The orc hits you with a +0 falchion. The orc hits you with a +0 whip.
The adder bites you but does no damage. The orc hits you but does no damage.
The adder barely misses you.
You're too confused to move!
You feel less confused. You block the orc's attack.
You block the adder's attack.
The orc wizard casts a spell.
The orc wizard flickers and vanishes for a moment.
The orc hits you but does no damage.
The orc priest invokes the aid of Beogh against you.
Beogh smites you!
You die...

#.#.. .# .######.#.## .#
...........# #.#
...........# ##.#
#..........#####...
...........).......
###.######.###.#######....
........#.# #.#.......%..
.##.####@#.# #.#.######..#
.......So#.###.#.#........
###....ooo................
...[..oo.#.###.#.######.##
######..s..# #.#..........
...o....# #........##..
...oS.....# #........##..
#..........# #..(.....##..
....#....... #........##..


You could see an orc priest, an orc wizard (invisible), an adder, 6 orcs, a
giant cockroach and a ball python.

Vanquished Creatures
  2 hound skeletons
  An ooze (D:3)
  2 dart slugs
  5 orcs (D:3)
  3 ball pythons
  7 bats
  4 giant cockroaches
  5 goblins
  6 hobgoblins
  6 jackals (D:1)
  6 kobolds
  2 quokkas (D:3)
  4 frilled lizards
  6 rats
59 creatures vanquished.

Notes
Turn   | Place    | Note
-------+----------+-------------------------------------------
     0 | D:1      | Duffy the Naga Fighter began the quest for the Orb.
     0 | D:1      | Reached XP level 1. HP: 21/21 MP: 1/1
   196 | D:1      | Reached XP level 2. HP: 26/28 MP: 2/2
   538 | D:1      | Reached XP level 3. HP: 33/34 MP: 3/3
  1519 | D:2      | Reached XP level 4. HP: 40/42 MP: 4/4
  2075 | D:3      | Killed from afar by an orc priest

Vault maps used:
D:1:      lemuel_arrival_tunnels, kennysheep_nondescript
D:2:      serial_forest, infiniplex_forest_end_3, infiniplex_forest_diagonal,
          infiniplex_forest_clump_diagonal, infiniplex_forest_clump_tiny,
          infiniplex_forest_lined_room_, infiniplex_forest_lined_4_way,
          infiniplex_forest_clump_medium, corexii_shack
D:3:      cheibrodos_old_hovel, lemuel_coloured_pillars_altar,
          fiery_altar_vehumet

Skill      XL: |  1  2  3 |
---------------+----------+-----
Shields        | 3 |  3.5
Axes           | 3 |  3.7
Fighting       | |  3.0
Armour         | |  2.4

Action                   |  1- 3 |  4- 6 || total
-------------------------+-------+-------++-------
Melee: War axe           |   132 |    36 ||   168
  Eat: Chunk             |     1 |     2 ||     3
Armor: Scale mail        |    72 |    17 ||    89
Dodge: Dodged            |    29 |     9 ||    38
Block: Shield            |    71 |    17 ||    88

Table legend:
 A = Non-vault XP
 B = Vault XP
 C = Vault XP percentage of total XP
 D = Non-vault monster count
 E = Vault monster count
 F = Vault count percentage of total count
                 A         B        C        D         E       F
            +---------+---------+-------+---------+---------+-------
      Total |     148 |       3 |   2.0 |      57 |       2 |   3.4
            +---------+---------+-------+---------+---------+-------
        D:1 |      50 |       0 |   0.0 |      26 |       0 |   0.0
        D:2 |      41 |       2 |   4.7 |      14 |       1 |   6.7
        D:3 |      57 |       1 |   1.7 |      17 |       1 |   5.6
            +---------+---------+-------+---------+---------+-------
